 Dungeon Crawl Stone Soup version 0.25-a0-589-g1e14c549ee (webtiles) character file.

Game seed: 17698808586155653005, levelgen mode: deterministic

1093 Lentor the Chopper (level 8, 0/64 HPs)
             Began as a Demonspawn Fighter on Mar 9, 2020.
             Succumbed to a killer bee's poison
             ... on level 5 of the Dungeon.
             The game lasted 00:15:33 (4818 turns).

Lentor the Chopper (Demonspawn Fighter)             Turns: 4818, Time: 00:15:33

Health: 0/64       AC: 10    Str: 21    XL:     8   Next: 9%
Magic:  2/8        EV:  7    Int: 10    God:
Gold:   297        SH:  9    Dex: 12    Spells: 7/7 levels left

rFire    + . .     SeeInvis .   i - +1 whip (elec)
rCold    . . .     Gourm    .   c - +0 kite shield
rNeg     . . .     Faith    .   b - +0 scale mail
rPois    .         Spirit   +   (helmet restricted)
rElec    .         Reflect  .   (no cloak)
rCorr    .         Harm     .   (no gloves)
MR       .....                  j - +2 pair of boots
Stlth    +.........             (no amulet)
HPRegen  0.20/turn              l - ring of protection from fire
MPRegen  0.11/turn              n - +2 ring of strength

@: lethally poisoned (0 -> -7)
A: antennae 1, nightstalker 1, magic shield
a: no special abilities


You were on level 5 of the Dungeon.
You were hungry.

You visited 2 branches of the dungeon, and saw 6 of its levels.

You collected 297 gold pieces.

Inventory:

Hand Weapons
 a - a +0 war axe
 i - a +1 whip of electrocution (weapon)
Missiles
 v - 18 poisoned darts (quivered)
Armour
 b - a +0 scale mail (worn)
 c - a +0 kite shield (worn)
 d - a +0 helmet
 j - a +2 pair of boots (worn)
Jewellery
 l - a ring of protection from fire (left hand)
 n - a +2 ring of strength (right hand)
 q - an uncursed ring of ice
Scrolls
 e - a scroll of enchant armour
 h - 6 scrolls of remove curse
 m - 2 scrolls of identify
Potions
 g - 2 potions of flight
 k - a potion of invisibility {unknown}
 o - 2 potions of curing
 r - a potion of ambrosia {unknown}
 s - a potion of lignification {unknown}
 u - a potion of degeneration {unknown}
Comestibles
 f - 6 rations
 p - 2 chunks of flesh


   Skills:
 + Level 6.0 Fighting
 - Level 6.3(6.6) Axes
 * Level 2.2(4.6) Maces & Flails
 - Level 3.3 Armour
 - Level 0.4 Dodging
 - Level 3.2 Shields


You had 7 spell levels left.
You didn't know any spells.
Your spell library was empty.

Dungeon Overview and Level Annotations

Branches:
Dungeon (5/15)             Temple (1/1) D:4

Altars:
Ashenzari
Cheibriados
Dithmenos
Fedhas
Hepliaklqana
Ru
Sif Muna
Trog
Vehumet
Xom
Yredelemnul
Zin
The Shining One


Innate Abilities, Weirdness & Mutations

You have a pair of small antennae on your head.
You are slightly more attuned to the shadows.
When hurt, damage is shared between your health and your magic reserves.


Message History

The killer bee poisons you!
Unknown command.
You miss the killer bee.
The killer bee is heavily wounded.
* * * LOW HITPOINT WARNING * * *
You feel sick. You block the killer bee's attack. x2
You hit the killer bee.
Lightning courses through the killer bee!
You kill the killer bee!
Your Fighting skill increases to level 6!
Your base Maces & Flails skill increases to level 2!
* * * LOW HITPOINT WARNING * * *
You feel sick. You block the killer bee's attack.
You miss the killer bee.
* * * LOW HITPOINT WARNING * * *
You feel sick. The killer bee closely misses you.
The killer bee stings you but does no damage.
You hit the killer bee.
The killer bee is lightly wounded.
You die...

#..# #############.# #..#
#...........#.# #..#
#.#########.#.#### #..#
#######.## #.#.#≈≈≈
#..#######...##.#.##### #.#.#≈_≈
#..†........y..###....####.#.#...
#.########...##y#.###........#.≈.
.. #######y## ##.>.....#... ##
#@# #^###)###.≈. #.# #.# #.# #...
#.#####.###>###.≈.
#.............#...
#######.#####.≈.≈. #########.#
#..≈.≈ #)........# #..(..
#.######### ###### #.#


You could see 2 killer bees.

Vanquished Creatures
  Pikel (D:4)
  A centaur (D:4)
  A scorpion (D:4)
  3 killer bees (D:5)
  A crimson imp (D:4)
  An orc priest (D:3)
  2 orc wizards
  Terence (D:2)
  2 worker ants
  Robin (D:2)
  A howler monkey skeleton (D:4)
  9 adders
  An ooze (D:2)
  2 worms (D:2)
  3 dart slugs
  3 leopard geckos
  11 orcs
  2 giant cockroaches (D:2)
  11 goblins
  13 hobgoblins
  4 jackals (D:1)
  2 bats
  6 frilled lizards
  5 kobolds
  9 rats
96 creatures vanquished.

Vanquished Creatures (others)
  3 slaves (D:4)
3 creatures vanquished.

Grand Total: 99 creatures vanquished

Notes
Turn   | Place    | Note
-------+----------+-------------------------------------------
     0 | D:1      | Lentor the Demonspawn Fighter began the quest for the Orb.
     0 | D:1      | Reached XP level 1. HP: 18/18 MP: 1/1
   101 | D:1      | Gained mutation: When hurt, damage is shared between your
                  | health and your magic reserves. [demonic ancestry]
   101 | D:1      | Reached XP level 2. HP: 24/24 MP: 2/2
   801 | D:2      | Reached XP level 3. HP: 29/29 MP: 3/3
  1172 | D:2      | Noticed Terence
  1179 | D:2      | Killed Terence
  1179 | D:2      | Reached XP level 4. HP: 28/35 MP: 4/4
  1802 | D:2      | Found a snail-covered altar of Cheibriados.
  1871 | D:3      | Noticed Robin
  1926 | D:2      | Reached XP level 5. HP: 42/42 MP: 5/5
  1944 | D:2      | Killed Robin
  2314 | D:3      | Found a shattered altar of Ashenzari.
  2446 | D:3      | Found a shimmering blue altar of Sif Muna.
  2702 | D:4      | Gained mutation: You have a pair of small antennae on your
                  | head. [demonic ancestry]
  2702 | D:4      | Reached XP level 6. HP: 22/48 MP: 3/6
  3021 | D:4      | Found a staircase to the Ecumenical Temple.
  3030 | Temple   | Entered the Ecumenical Temple
  3491 | D:4      | Noticed Pikel
  3491 | D:4      | Noticed a slave
  3491 | D:4      | Noticed a slave
  3492 | D:4      | Noticed a slave
  3492 | D:4      | Noticed a slave
  3499 | D:4      | HP: 2/49 [Pikel/+1 whip of electrocution (12)]
  3964 | D:4      | Killed Pikel
  3964 | D:4      | Reached skill level 5 in Fighting
  3964 | D:4      | Reached XP level 7. HP: 12/56 MP: 2/7
  4519 | D:5      | Entered Level 5 of the Dungeon
  4549 | D:5      | Reached skill level 1 in Maces & Flails
  4727 | D:5      | Found a sacrificial altar of Ru.
  4789 | D:5      | Gained mutation: You are slightly more attuned to the
                  | shadows. [demonic ancestry]
  4789 | D:5      | Reached XP level 8. HP: 25/64 MP: 3/8
  4814 | D:5      | HP: 3/64 [killer bee (4)]
  4816 | D:5      | HP: 1/64 [poisoned by a killer bee]
  4818 | D:5      | Succumbed to a killer bee's poison

Levels and vault maps discovered:
D:1:      onia_arrival_mini_maze_b, layout_loops_ring
D:2:      layout_loops_ring, lemuel_round_altar, chequers_serial_rivers_room_a,
          uniq_terence
D:3:      layout_rooms, lemuel_round_altar, evilmike_ruin_ashenzari, uniq_robin
D:4:      layout_loops_ring, lemuel_temple_firewalk_b, uniq_pikel
D:5:      layout_loops_ring, kennysheep_vampire_church, kennysheep_little_box,
          nicolae_ru_path_of_blood, first_ration
Temple:   nicolae_temple_figure_zero

Skill      XL: |  1  2  3  4  5  6  7  8 |
---------------+-------------------------+-----
Axes           | 2 3 4 6 |  6.3
Armour         | 3 |  3.3
Shields        | 3 |  3.2
Fighting       | 4 5 6 |  6.0
Maces & Flails | 1 2 |  2.2
Dodging        | |  0.4

Action                   |  1- 3 |  4- 6 |  7- 9 || total
-------------------------+-------+-------+-------++-------
Melee: War axe           |   106 |   208 |       ||   314
       Whip              |       |       |    83 ||    83
  Use: Potion            |     1 |     4 |     1 ||     6
       Scroll            |       |     9 |       ||     9
  Eat: Chunk             |     1 |     6 |     2 ||     9
       Ration            |       |     1 |       ||     1
Armor: Scale mail        |    58 |   101 |    30 ||   189
Dodge: Dodged            |    34 |    55 |    27 ||   116
Block: Kite shield       |    48 |   100 |    50 ||   198

Table legend:
 A = Non-vault XP
 B = Vault XP
 C = Vault XP percentage of total XP
 D = Non-vault monster count
 E = Vault monster count
 F = Vault count percentage of total count
                 A         B        C        D         E       F
            +---------+---------+-------+---------+---------+-------
      Total |     862 |     700 |  44.8 |      83 |      13 |  13.5
            +---------+---------+-------+---------+---------+-------
        D:1 |      40 |       0 |   0.0 |      20 |       0 |   0.0
        D:2 |     118 |      67 |  36.2 |      30 |      10 |  25.0
        D:3 |      56 |       4 |   6.7 |       9 |       2 |  18.2
        D:4 |     366 |     629 |  63.2 |      14 |       1 |   6.7
        D:5 |     282 |       0 |   0.0 |      10 |       0 |   0.0
            +---------+---------+-------+---------+---------+-------
